 Dungeon Crawl Stone Soup version 0.29-a0-334-gb41bcbb86e (webtiles) character file.

Game seed: 2673913418470896089

205086 rageheart7 the Warrior (level 18, 0/205 (210) HPs)
             Began as an Ogre Gladiator on Apr 13, 2022.
             Was the Champion of Hepliaklqana.
             Slain by an Executioner (20 damage)
             ... summoned by a deep elf demonologist
             ... on level 3 of the Elven Halls on Apr 14, 2022.
             The game lasted 02:06:57 (50518 turns).

rageheart7 the Warrior (Ogre Gladiator)            Turns: 50518, Time: 02:07:00

HP:   0/205 (210)   AC: 11    Str: 29    XL:     18   Next: 67%
MP:   0/25          EV: 12    Int:  7    God:    Hepliaklqana [******]
Gold: 5626          SH:  0    Dex: 10    Spells: 17/17 levels left

rFire   . . .      SeeInvis +   x - +4 giant spiked club (protect)
rCold   + + +      Faith    .   (shield currently unavailable)
rNeg    . . .      Spirit   +   t - +4 skin of Zhor {*Englaciate rC+++ SInv}
rPois   .          Reflect  .   c - +0 hat
rElec   +          Harm     .   Y - scarf {repulsion}
rCorr   .          Rampage  .   (gloves unavailable)
Will    ++...                   (boots unavailable)
Stlth   +.........              y - amulet of guardian spirit
HPRegen 0.44/turn               q - ring of willpower
MPRegen 0.19/turn               o - +4 ring of protection

@: mighty, about to teleport, hasted (expiring), studying Translocations,
lightly drained, repel missiles, very quick
A: reduced essence, large, unfitting armour, tough skin 1, antennae 1, hooves 1,
dopey 1, robust 1, electricity resistance
}: 1/15 runes: decaying
a: Renounce Religion, Recall Ancestor, Ancestor Identity, Transference, Idealise


You were on level 3 of the Elven Halls.
You worshipped Hepliaklqana.
Hepliaklqana was exalted by your worship.
You visited 5 branches of the dungeon, and saw 30 of its levels.
You visited the Abyss 1 time.
You also visited: Sewer and Bailey.

You collected 6402 gold pieces.
You spent 776 gold pieces at shops.

Inventory:

Hand Weapons
 x - a +4 giant spiked club of protection (weapon)
 R - the +8 flail "Quqavec" {flame, rElec rF- Int+3}
   (You found it on level 6 of the Lair of Beasts)

   It burns those it strikes, dealing additional fire damage.
   Int:       It affects your intelligence (+3).
   rF:        It makes you vulnerable to fire.
   rElec:     It insulates you from electricity.
Missiles
 d - 3 throwing nets
 e - 16 large rocks (quivered)
 n - 2 silver javelins
 u - 19 atropa-tipped darts
 U - 4 silver boomerangs
Armour
 c - a +0 hat (worn)
 t - the +4 skin of Zhor (worn) {*Englaciate rC+++ SInv}
   (You acquired it on level 4 of the Dungeon)

   It radiates cold, occasionally slowing all nearby creatures who are not
   resistant to cold.
   rC:        It renders you almost immune to cold.
   SInv:      It lets you see invisible.
 G - a +2 kite shield of poison resistance
 P - +0 acid dragon scales
 Y - a scarf of repulsion (worn)
Jewellery
 j - a ring of poison resistance
 o - a +4 ring of protection (right hand)
 q - a ring of willpower (left hand)
 r - a ring of see invisible
 y - an amulet of guardian spirit (around neck)
Wands
 a - a wand of mindburst (6)
 s - a wand of acid (5)
 I - a wand of digging (22)
 T - a wand of iceblast (7)
Scrolls
 b - a scroll of teleportation
 f - 7 scrolls of magic mapping
 w - 7 scrolls of immolation
 C - 4 scrolls of summoning
 E - 2 scrolls of amnesia
 F - 2 scrolls of fear
 J - 3 scrolls of fog
 K - 4 scrolls of enchant armour
 M - a scroll of holy word
 Q - 2 scrolls of silence
Potions
 g - a potion of invisibility {unknown}
 h - 2 potions of haste
 i - a potion of brilliance
 k - 5 potions of might
 l - 4 potions of ambrosia
 m - 4 potions of curing
 v - 4 potions of attraction
 z - 4 potions of flight
 A - 2 potions of cancellation
 B - 5 potions of resistance
 D - 2 potions of magic
 H - 6 potions of mutation
 V - 5 potions of berserk rage
 W - a potion of heal wounds
Miscellaneous
 X - a phantom mirror


   Skills:
 + Level 19.8 Fighting
 * Level 18.5(19.2) Maces & Flails
 - Level 10.0(16.1) Staves
 - Level 12.0 Throwing
 - Level 10.0 Dodging
 - Level 12.5 Shields
 + Level 9.5 Invocations


You had 17 spell levels left.
You didn't know any spells.
Your spell library contained the following spells:

 Spells                   Type           Power      Damage    Failure   Level
 Pain                     Necr           0%         1d4       43%         1
 Sandblast                Erth           0%         2d4       43%         1
 Summon Small Mammal      Summ           0%         N/A       43%         1
 Corpse Rot               Necr/Air       0%         N/A       56%         2
 Passwall                 Tmut/Erth      0%         N/A       56%         2
 Sublimation of Blood     Necr           0%         N/A       56%         2
 Call Canine Familiar     Summ           0%         N/A       80%         3
 Stone Arrow              Conj/Erth      0%         3d7       80%         3
 Summon Guardian Golem    Hex/Summ       0%         N/A       80%         3
 Animate Armour           Summ/Erth      0%         N/A       99%         4
 Animate Dead             Necr           0%         N/A       99%         4
 Dispel Undead            Necr           0%         3d6       99%         4
 Passage of Golubria      Tloc           0%         N/A       99%         4
 Petrify                  Tmut/Erth      0%         N/A       99%         4
 Summon Ice Beast         Ice/Summ       0%         N/A       99%         4
 Agony                    Necr           0%         N/A       100%        5
 Borgnjor's Vile Clutch   Necr/Erth      0%         N/A       100%        5
 Excruciating Wounds      Necr           0%         N/A       100%        5
 Irradiate                Conj/Tmut      0%         3d13      100%        5
 Silence                  Hex/Air        0%         N/A       100%        5
 Summon Mana Viper        Hex/Summ       0%         N/A       100%        5
 Death Channel            Necr           0%         N/A       100%        6
 Monstrous Menagerie      Summ           0%         N/A       100%        7
 Lehudib's Crystal Spear  Conj/Erth      0%         10d2      100%        8


Dungeon Overview and Level Annotations

Branches:
Dungeon (15/15)            Temple (0/1) D:4            Lair (6/6) D:8
  Swamp (4/4) Lair:4       Spider (0/4) Lair:2        Slime (0/5) Lair:6
    Orc (2/2) D:10            Elf (3/3) Orc:2        Vaults (0/5) D:14
 Depths (0/4) D:15          Sewer (visited)          Bailey (visited)

Altars:
Hepliaklqana
Makhleb
Nemelex Xobeh
Qazlal
Ru
Trog
Vehumet
Xom
The Shining One
Beogh

Shops:
D:7 :   Orc:2 *!*:   Elf:1 (   Elf:2 ?

Portals:
Hell: Lair:6
Abyss: Elf:3

Annotations:
D:13 1 runed translucent door, SirDiesAlot's ghost, journeyman OgFi
Elf:1 9 runed translucent doors
Elf:3 2 transporters, SirDiesAlot's ghost, adept MiFi


Innate Abilities, Weirdness & Mutations

Your life essence is reduced to manifest your ancestor. (-10% HP)
You are too large for most types of armour.
You have tough skin. (AC +1)
You have a pair of small antennae on your head.
You have large cloven feet.
You are dopey. (Int -2)
You are robust. (+10% HP)
You are resistant to electric shocks. (rElec)


Message History

The ghostly deep elf blademaster seems to slow down.
The deep elf blademaster resists.
There is an open door here.
The ghostly deep elf blademaster is no longer moving slowly.
The Executioner gestures.
The Executioner seems to speed up.
You hear rumbling.
The Executioner attacks as you move away!
The Executioner barely misses you.
The Executioner hits you but does no damage.
The Executioner completely misses you.
You radiate an aura of cold.
The Executioner is unaffected.
Your extra speed is starting to run out.
The Executioner hits you. The Executioner closely misses you.
The Executioner hits you. The Executioner hits you!
* * * LOW HITPOINT WARNING * * *
The Executioner barely misses you.
The Executioner hits you but does no damage.
Unknown command.
Okay, then.
The Executioner attacks as you move away!
The Executioner closely misses you. The Executioner hits you.
* * * LOW HITPOINT WARNING * * *
The Executioner hits you but does no damage.
The Executioner hits you!!
* * * LOW HITPOINT WARNING * * *
The Executioner misses you.
The Executioner hits you but does no damage.
The Executioner completely misses you. The Executioner hits you.
* * * LOW HITPOINT WARNING * * *
The Executioner hits you but does no damage.
Unknown command.
As you read the scroll of teleportation, it crumbles to dust.
You feel strangely unstable. The Executioner hits you!
* * * LOW HITPOINT WARNING * * *
The Executioner closely misses you.
The Executioner hits you but does no damage.
The Executioner hits you!!
You die...

#### ### ...## ##.. ....##
################## ##... .....##
#................###.... ......##
#..e..1@...........'....
.......###.######.#######...'....
........'..# #.# #.###....
.......###.### #.# #.# #....
......###.e..# #.# #.###....
#....## #..#.# #.# #...'....
###'#####..#.####.# #.###....
##........e.......#######.# ##...
...........#.###.....)....# ##..


You could see a ghostly deep elf blademaster and an Executioner (summoned,
fast).

Vanquished Creatures
  the Lernaean hydra (Swamp:4)
  Saint Roka (Orc:1)
  A tentacled starspawn (Abyss:2)
  2 thorn hunters
  The ghost of Foxy the Jinx, an adept GnIE of Cheibriados (Swamp:1)
  A juggernaut zombie (Abyss:2)
  3 eleionomae
  2 deep elf demonologists (Elf:1)
  4 bunyips
  A deep elf high priest (Elf:1)
  2 shambling mangroves
  Josephine (D:13)
  Fannar (Lair:3)
  19 hydras
  Erolcha (D:13)
  A spriggan air mage (Swamp:2)
  A rakshasa (Abyss:2)
  An ogre mage (D:14)
  3 boulder beetles
  A centaur warrior (D:15)
  A spriggan skeleton (Abyss:2)
  11 alligators
  26 dancing weapons
  5 two-headed ogres
  2 death knights
  6 death yaks (Lair:5)
  12 spriggans
  A thrashing horror (Abyss:2)
  Urug (Orc:2)
  A spriggan berserker (Swamp:3)
  2 spectral spriggans (Swamp:1)
  A sixfirhy (Lair:5)
  16 deep elf knights
  A wretched star (Abyss:2)
  A skeletal warrior (D:14)
  A death drake (Swamp:2)
  2 goliath frogs
  Lodul (D:10)
  11 bog bodies
  4 wizards
  5 spriggan druids
  Pikel (D:6)
  3 deep trolls (D:15)
  12 deep elf archers
  6 swamp dragons
  3 phantasmal warriors
  A fenstrider witch simulacrum (Swamp:1)
  6 orc knights
  21 deep elf pyromancers
  19 deep elf zephyrmancers
  2 necromancers
  7 ugly things
  5 orc sorcerers
  An oklob plant (Lair:6)
  3 cyclopes
  A manticore (D:12)
  4 will-o-the-wisps
  A dire elephant zombie (Abyss:2)
  A naga zombie (Abyss:2)
  An eye of devastation (shapeshifter) (D:15)
  3 black mambas
  Maurice (D:11)
  10 cane toads
  A gargoyle (D:12)
  3 orange demons (Lair:6)
  2 centaur skeletons
  A kobold demonologist (D:12)
  6 rime drakes
  4 freezing wraiths
  4 yaktaurs (D:15)
  4 komodo dragons
  An unseen horror (D:12)
  An efreet (D:15)
  A hellwing (Lair:6)
  A harpy zombie (D:14)
  An ice devil (Lair:6)
  A red devil (Lair:6)
  An ancient zyme (Abyss:2)
  3 meliai (D:15)
  A meliai (shapeshifter) (Elf:1)
  A bloated husk (Swamp:4)
  A polar bear (shapeshifter) (D:14)
  9 trolls
  7 tyrant leeches
  13 hornets
  A polar bear (Lair:6)
  A queen bee (D:15)
  5 slime creatures (D:12)
  5 raiju (Abyss:2)
  10 blink frogs
  2 small abominations (Abyss:2)
  4 air elementals
  A centaur simulacrum (D:14)
  Sigmund (D:6)
  A vampire (D:11)
  29 yaks
  3 shadows
  3 water elementals
  10 wraiths
  5 wyverns
  10 basilisks
  3 fire elementals
  A spriggan simulacrum (Swamp:1)
  3 redbacks (Lair:2)
  7 vampire mosquitoes
  A steam dragon (D:7)
  5 wargs
  2 acid dragons
  5 hell hounds (Lair:6)
  3 death drake simulacra (Swamp:1)
  7 swamp worms
  A two-headed ogre zombie (D:10)
  Duvessa (D:6)
  9 swamp drakes
  9 water moccasins
  4 ice beasts
  46 orc warriors
  2 black bears
  10 ogres
  6 wolves (Lair:3)
  13 centaurs
  2 hexers
  3 phantoms
  Blork the orc (D:6)
  5 kobold brigands
  8 bullfrogs
  A necrophage (D:4)
  A gnoll sergeant (D:12)
  3 earth elementals
  4 wights (D:8)
  14 killer bees
  2 troll zombies (D:10)
  3 electric eels
  A vampire bat (Orc:1)
  7 howler monkeys
  A crimson imp (D:6)
  2 hounds
  2 gnoll shamans
  13 orc priests
  22 orc wizards
  8 hell rats
  5 ogre zombies (D:10)
  14 gnolls
  4 river rats (Sewer)
  4 adders
  A shadow imp (D:8)
  2 white imps
  2 worms (D:2)
  2 dart slugs
  70 orcs
  8 bats
  7 endoplasms
  2 giant cockroaches (D:5)
  8 goblins
  8 hobgoblins
  2 jackals (D:4)
  3 quokkas
  10 ball pythons
  4 frilled lizards
  A goblin skeleton (D:10)
  4 goblin zombies
  3 hobgoblin skeletons (D:10)
  4 hobgoblin zombies
  25 kobolds
  2 kobold zombies (D:6)
  5 orc skeletons (D:10)
  14 orc zombies
  14 rats
898 creatures vanquished.

Vanquished Creatures (collateral kills)
  A blizzard demon (Abyss:2)
  A great orb of eyes (Abyss:2)
  A hydra (D:14)
  A death knight (D:15)
  2 alligators
  2 two-headed ogres (D:10)
  4 dancing weapons
  A thrashing horror (Abyss:2)
  An orc high priest (Orc:1)
  5 deep elf knights
  A wretched star (Abyss:2)
  A spectral spriggan (Swamp:1)
  3 spriggan druids
  3 deep elf pyromancers
  A wizard (D:14)
  3 deep elf archers
  4 swamp dragons (Swamp:4)
  2 deep elf zephyrmancers
  A manticore (D:12)
  An ugly thing (D:12)
  A will-o-the-wisp (Abyss:2)
  3 black mambas
  3 cane toads
  A komodo dragon (Lair:4)
  A rime drake (Lair:5)
  An unseen horror (D:12)
  An ice devil (Abyss:2)
  2 tyrant leeches
  2 trolls
  A harpy skeleton (D:14)
  4 hornets
  A blink frog (Lair:2)
  A raiju (Abyss:2)
  A slime creature (D:12)
  3 spriggans
  A water elemental (Elf:1)
  2 air elementals
  2 wyverns
  7 yaks
  3 basilisks (Lair:5)
  A fire elemental (Elf:1)
  3 wargs (Orc:2)
  2 swamp worms
  3 water moccasins
  10 orc warriors
  2 swamp drakes (Swamp:4)
  2 ogres
  3 wolves (Lair:3)
  4 centaurs
  A phantom (D:10)
  2 kobold brigands (Bailey)
  A bullfrog (D:6)
  A scorpion (D:7)
  Dowan (D:6)
  A wight (D:8)
  A killer bee (D:8)
  An orc wizard (Orc:2)
  A hell rat (Lair:5)
  2 gnolls
  3 adders
  A worm (D:3)
  13 orcs
  2 bats (Orc:1)
  An endoplasm (D:3)
  A giant cockroach (D:5)
  A goblin (D:3)
  2 hobgoblins
  7 kobolds
  3 quokkas
  3 ball pythons
  3 frilled lizards (Sewer)
  A goblin zombie (D:10)
  A hobgoblin zombie (D:6)
  A kobold skeleton (D:6)
165 creatures vanquished.

Vanquished Creatures (others)
  2 dancing weapons
  4 deep elf knights
  A deep elf pyromancer (Elf:1)
  2 bloated husks
  A water elemental (Elf:1)
  An orc wizard (Orc:2)
  46 hexers
  An ancestor (D:2)
  8 foxfires
  34 fungi
  47 plants
  3 starspawn tentacles (Abyss:2)
150 creatures vanquished.

Grand Total: 1213 creatures vanquished

Notes
Turn   | Place    | Note
-------+----------+-------------------------------------------
     0 | D:1      | rageheart7 the Ogre Gladiator began the quest for the Orb.
     0 | D:1      | Reached XP level 1. HP: 22/22 MP: 1/1
    73 | D:1      | Reached skill level 3 in Fighting
   112 | D:1      | Reached XP level 2. HP: 11/31 MP: 2/2
   667 | D:1      | Reached XP level 3. HP: 39/39 MP: 3/3
   820 | D:1      | Found a faded altar of an unknown god.
   833 | D:1      | Prayed at the altar of an unknown god.
   833 | D:1      | Became a worshipper of Hepliaklqana the Forgotten
   833 | D:1      | Reached * piety under Hepliaklqana
  1197 | D:2      | Reached skill level 4 in Fighting
  1277 | D:2      | Found a radiant altar of Vehumet.
  1520 | D:2      | Reached XP level 4. HP: 39/44 MP: 4/4
  1713 | D:2      | Reached skill level 5 in Fighting
  1962 | D:3      | Reached ** piety under Hepliaklqana
  1963 | D:3      | Remembered your ancestor Tertia as a hexer
  2060 | D:3      | Reached XP level 5. HP: 51/51 MP: 5/5
  2641 | D:3      | Found a shimmering altar of Xom.
  3075 | D:4      | Reached *** piety under Hepliaklqana
  3149 | D:4      | Reached skill level 6 in Fighting
  3149 | D:4      | Reached skill level 5 in Staves
  3149 | D:4      | Reached XP level 6. HP: 55/60 MP: 6/6
  3312 | D:4      | Found a staircase to the Ecumenical Temple.
  3768 | D:4      | Found a stormy altar of Qazlal.
  3776 | D:4      | Noticed a water elemental
  3776 | D:4      | Noticed a fire elemental
  3776 | D:4      | Noticed an air elemental
  3937 | D:4      | Identified a scroll of acquirement
  3937 | D:4      | Acquired the +4 skin of Zhor {*Englaciate rC+++ SInv}
  3937 | D:4      | Found the +4 skin of Zhor {*Englaciate rC+++ SInv}
  3952 | D:4      | Gained mutation: You are partially covered in iridescent
                  | scales. (AC +2) [potion of mutation]
  3952 | D:4      | Gained mutation: Your magical capacity is low. (-10% MP)
                  | [potion of mutation]
  3953 | D:4      | Lost mutation: You are partially covered in iridescent
                  | scales. (AC +2) [potion of mutation]
  3953 | D:4      | Lost mutation: Your magical capacity is low. (-10% MP)
                  | [potion of mutation]
  3953 | D:4      | Gained mutation: Your spells are a little easier to cast,
                  | but a little less powerful. [potion of mutation]
  3953 | D:4      | Gained mutation: You are strong-willed. (Will+) [potion of
                  | mutation]
  3954 | D:4      | Lost mutation: You are strong-willed. (Will+) [potion of
                  | mutation]
  3954 | D:4      | Lost mutation: Your spells are a little easier to cast, but
                  | a little less powerful. [potion of mutation]
  3954 | D:4      | Gained mutation: You have hidden genetic potential. [potion
                  | of mutation]
  3954 | D:4      | Gained mutation: You are robust. (+10% HP) [potion of
                  | mutation]
  3954 | D:4      | Gained mutation: You are dopey. (Int -2) [potion of
                  | mutation]
  3954 | D:4      | Gained mutation: You have large cloven feet. [potion of
                  | mutation]
  3999 | D:5      | Entered Level 5 of the Dungeon
  4016 | D:5      | Acquired 989 gold pieces
  4056 | D:5      | Found a glowing drain.
  4090 | Sewer    | Entered a sewer
  4690 | D:5      | Reached skill level 7 in Fighting
  4690 | D:5      | Reached XP level 7. HP: 78/78 MP: 7/7
  4730 | D:5      | Gained mutation: You have a pair of small antennae on your
                  | head. [hidden potential]
  4894 | D:5      | Noticed a yak
  4894 | D:5      | Noticed a yak
  4896 | D:5      | Noticed a yak
  4897 | D:5      | Noticed a yak
  4897 | D:5      | Noticed a yak
  4905 | D:5      | Killed a yak
  4906 | D:5      | Reached skill level 8 in Fighting
  4909 | D:5      | Killed a yak
  4910 | D:5      | Reached XP level 8. HP: 89/89 MP: 8/8
  4915 | D:5      | Killed a yak
  4918 | D:5      | Gained mutation: You are resistant to electric shocks.
                  | (rElec) [hidden potential]
  4918 | D:5      | Lost mutation: You have hidden genetic potential. [hidden
                  | potential expressed]
  4931 | D:5      | Killed a yak
  4932 | D:5      | Reached skill level 9 in Fighting
  4942 | D:5      | Killed a yak
  5442 | D:6      | Noticed a wraith
  5446 | D:6      | Noticed Blork the orc
  5453 | D:6      | Killed a wraith
  5454 | D:6      | Reached skill level 10 in Fighting
  5458 | D:6      | Killed Blork the orc
  5744 | D:6      | Noticed Duvessa
  5744 | D:6      | Noticed Dowan
  5755 | D:6      | Killed Duvessa
  5756 | D:6      | Reached XP level 9. HP: 80/102 MP: 9/9
  5763 | D:6      | Noticed Sigmund
  5920 | D:6      | Killed Sigmund
  5921 | D:6      | Reached skill level 11 in Fighting
  5939 | D:6      | Killed Dowan
  6181 | D:6      | Noticed Pikel
  6184 | D:6      | Found a glowing golden altar of the Shining One.
  6189 | D:6      | Killed Pikel
  6588 | D:7      | Reached **** piety under Hepliaklqana
  6601 | D:7      | Reached skill level 12 in Fighting
  6881 | D:7      | Found a sparkling altar of Nemelex Xobeh.
  6881 | D:7      | Found a bloodstained altar of Trog.
  6886 | D:7      | Reached skill level 10 in Staves
  6901 | D:7      | Reached XP level 10. HP: 98/118 MP: 10/10
  7055 | D:7      | Found Yborog's Book Shop.
  7428 | D:8      | Reached skill level 13 in Fighting
  8166 | D:8      | Found a staircase to the Lair.
  8963 | D:9      | Reached skill level 5 in Dodging
  8966 | D:9      | Reached skill level 14 in Fighting
  9022 | D:9      | Found a flagged portal.
  9040 | Bailey   | Entered a bailey
  9662 | Bailey   | Found an iron altar of Okawaru.
  9924 | D:9      | Reached skill level 15 in Fighting
 10132 | D:9      | Reached XP level 11. HP: 89/132 MP: 11/11
 10625 | D:9      | Found a sacrificial altar of Ru.
 10685 | D:10     | Entered Level 10 of the Dungeon
 10719 | D:10     | Noticed a two-headed ogre
 10719 | D:10     | Noticed a two-headed ogre
 10720 | D:10     | Noticed a two-headed ogre
 10720 | D:10     | Noticed a two-headed ogre
 10720 | D:10     | Noticed Lodul
 10744 | D:10     | Noticed a cyclops
 10797 | Lair:1   | Entered Level 1 of the Lair of Beasts
 11120 | Lair:1   | Reached skill level 5 in Throwing
 11982 | Lair:2   | Reached ***** piety under Hepliaklqana
 12072 | Lair:2   | Noticed a five-headed hydra
 12080 | Lair:2   | Killed a five-headed hydra
 12637 | Lair:2   | You fall into a shaft and drop 1 floor!
 12975 | Lair:2   | Found a hazy altar of Hepliaklqana.
 13563 | Lair:2   | Reached XP level 12. HP: 124/141 MP: 10/12
 13746 | Lair:2   | Found a hole to the Spider Nest.
 14163 | Lair:3   | Noticed Fannar
 14173 | Lair:3   | Killed Fannar
 14586 | Lair:3   | Identified the +6 rapier of Uskayaw's Respect {speed,
                  | Str+3}
 15296 | Lair:4   | Reached skill level 10 in Dodging
 15344 | Lair:4   | Found a staircase to the Swamp.
 15827 | Lair:4   | Identified the +1 dire flail of the Shouting Gods
                  | {antimagic, *Slow Will+ rCorr Str+2}
 16020 | Lair:5   | Noticed a death yak
 16020 | Lair:5   | Noticed a death yak
 16022 | Lair:5   | Noticed a death yak
 16022 | Lair:5   | Noticed a death yak
 16024 | Lair:5   | Noticed a death yak
 16027 | Lair:5   | Reached skill level 1 in Maces & Flails
 16027 | Lair:5   | Noticed a death yak
 16548 | Lair:5   | Noticed a five-headed hydra
 16551 | Lair:5   | Noticed an eight-headed hydra
 17439 | Lair:4   | Killed a five-headed hydra
 18256 | Lair:4   | Reached skill level 10 in Throwing
 18596 | Lair:5   | Noticed a boulder beetle
 18602 | Lair:5   | Killed a boulder beetle
 18603 | Lair:5   | Reached skill level 5 in Maces & Flails
 18636 | Lair:5   | Killed an eight-headed hydra
 18637 | Lair:5   | Reached XP level 13. HP: 102/149 MP: 8/13
 19095 | Lair:5   | HP: 7/149 [death yak (7)]
 19889 | Lair:6   | Entered Level 6 of the Lair of Beasts
 19889 | Lair:6   | Found a staircase to the Slime Pits.
 20899 | Lair:6   | Upgraded the game from 0.29-a0-330-g52719c12eb to
                  | 0.29-a0-334-gb41bcbb86e
 20935 | Lair:6   | Found a burning altar of Makhleb.
 21488 | Lair:6   | Identified the +8 flail "Quqavec" {flame, rElec rF- Int+3}
 21754 | Lair:6   | Reached XP level 14. HP: 159/159 MP: 14/14
 21810 | Lair:6   | Found a gateway to Hell.
 21885 | Lair:6   | Reached skill level 10 in Maces & Flails
 22373 | D:10     | Found a staircase to the Orcish Mines.
 22611 | D:10     | Killed Lodul
 22755 | D:10     | Reached ****** piety under Hepliaklqana
 23441 | D:11     | Noticed Maurice
 23446 | D:11     | Killed Maurice
 23640 | D:11     | Reached skill level 1 in Shields
 24217 | D:11     | Acquired 735 gold pieces
 24219 | D:11     | Acquired a manual of Shields
 24641 | D:12     | Reached skill level 5 in Shields
 25823 | D:13     | Noticed Erolcha
 25832 | D:13     | Killed Erolcha
 26325 | D:13     | Noticed Josephine
 26338 | D:13     | Killed Josephine
 26557 | D:13     | Identified the +0 robe of Winter {rPois Str+2}
 26578 | D:13     | Found a shimmering altar of Xom.
 26578 | D:13     | Noticed SirDiesAlot's ghost (journeyman OgFi)
 26579 | D:13     | Found a runed translucent door.
 27396 | D:14     | Reached XP level 15. HP: 167/167 MP: 15/15
 27650 | D:14     | Reached skill level 10 in Shields
 27942 | D:14     | Found a gate to the Vaults.
 28176 | Orc:1    | Entered Level 1 of the Orcish Mines
 29151 | Orc:2    | Entered Level 2 of the Orcish Mines
 29168 | Orc:2    | Noticed Saint Roka
 29549 | Orc:1    | Killed Saint Roka
 29940 | Orc:2    | Found a staircase to the Elven Halls.
 30604 | Orc:2    | Found Zywkal's Assorted Antiques.
 30604 | Orc:2    | Found Hekot's Distillery.
 30606 | Orc:2    | Found Buig's General Store.
 30608 | Orc:2    | Found Jutowny's Book Shop.
 30612 | Orc:2    | Bought a scroll labelled JOUMMEI POSKIMOIX for 26 gold
                  | pieces
 30613 | Orc:2    | Bought a potion of mutation for 120 gold pieces
 30613 | Orc:2    | Bought a potion of curing for 45 gold pieces
 30613 | Orc:2    | Bought 3 potions of curing for 135 gold pieces
 30613 | Orc:2    | Bought a potion of heal wounds for 75 gold pieces
 30613 | Orc:2    | Bought a potion of mutation for 120 gold pieces
 30613 | Orc:2    | Bought a potion of heal wounds for 75 gold pieces
 30650 | Orc:2    | Noticed Urug
 30657 | Orc:2    | Killed Urug
 32453 | D:15     | Entered Level 15 of the Dungeon
 33259 | D:15     | Found a staircase to the Depths.
 34500 | Swamp:1  | Entered Level 1 of the Swamp
 34509 | Swamp:1  | Cast into level 2 of the Abyss (spriggan rider)
 34510 | Abyss:2  | Found a corrupted altar of Lugonu.
 34952 | Abyss:2  | Noticed a tentacled starspawn
 34961 | Abyss:2  | Killed a tentacled starspawn
 34964 | Swamp:1  | Escaped the Abyss
 34973 | Swamp:1  | Reached skill level 16 in Fighting
 34973 | Swamp:1  | Reached XP level 16. HP: 78/174 MP: 14/16
 35538 | Swamp:1  | Found a runed translucent gate.
 35538 | Swamp:1  | Found a runed translucent gate.
 35538 | Swamp:1  | Found a runed translucent gate.
 35542 | Swamp:1  | Found the +5 scythe "Finisher" {speed, eviscerate}
 35543 | Swamp:1  | Noticed Foxy's ghost (adept GnIE)
 35741 | Swamp:2  | Noticed a thorn hunter
 35753 | Swamp:2  | Killed a thorn hunter
 37109 | Swamp:3  | Reached skill level 15 in Maces & Flails
 37572 | Swamp:3  | Reached skill level 17 in Fighting
 37993 | Swamp:3  | Reached skill level 1 in Invocations
 38724 | Swamp:3  | Noticed a thorn hunter
 38740 | Swamp:3  | Killed a thorn hunter
 39137 | Swamp:4  | Entered Level 4 of the Swamp
 40612 | Swamp:4  | Reached XP level 17. HP: 136/193 MP: 20/20
 41091 | Swamp:4  | Reached skill level 5 in Invocations
 41116 | Swamp:4  | Reached skill level 18 in Fighting
 41464 | Swamp:4  | Noticed the 27-headed Lernaean hydra
 41485 | Swamp:4  | Killed the 27-headed Lernaean hydra
 41514 | Swamp:4  | Got a decaying rune of Zot
 42439 | Swamp:1  | Killed Foxy's ghost
 43152 | Elf:1    | Entered Level 1 of the Elven Halls
 43553 | Elf:1    | Found Doudysif's Antique Weapon Shop.
 43580 | Elf:1    | Paralysed by an air elemental for 1 turns
 43585 | Elf:1    | Paralysed by an air elemental for 1 turns
 44104 | Elf:1    | Found a runed translucent gate.
 44104 | Elf:1    | Found a runed translucent gate.
 44105 | Elf:1    | Found a runed translucent gate.
 44632 | Elf:1    | Noticed a Brimstone Fiend
 45511 | Elf:1    | Reached skill level 19 in Fighting
 45763 | Elf:1    | Found a runed translucent gate.
 45763 | Elf:1    | Found a runed translucent gate.
 45763 | Elf:1    | Found a runed translucent gate.
 45763 | Elf:1    | Found a runed translucent gate.
 45763 | Elf:1    | Found a runed translucent gate.
 45764 | Elf:1    | Found a runed translucent gate.
 45849 | Elf:1    | Reached XP level 18. HP: 176/200 MP: 18/23
 46199 | Elf:2    | Paralysed by an air elemental for 1 turns
 46305 | Elf:2    | Found Myassiga's Magic Scroll Boutique.
 46324 | Elf:2    | Bought a scroll of magic mapping for 63 gold pieces
 46324 | Elf:2    | Bought a scroll of teleportation for 54 gold pieces
 46324 | Elf:2    | Bought a scroll of magic mapping for 63 gold pieces
 47005 | Elf:2    | Identified the +1 robe of Divine Compulsion {rF- rCorr
                  | Str+6 Int-4}
 47281 | Elf:2    | Found a runed translucent gate.
 47282 | Elf:2    | Found a runed translucent gate.
 47282 | Elf:2    | Found a runed translucent gate.
 49108 | Elf:3    | Entered Level 3 of the Elven Halls
 49268 | Elf:3    | Paralysed by an air elemental for 1 turns
 49508 | Elf:3    | Found a one-way gate to the infinite horrors of the Abyss.
 49508 | Elf:3    | Noticed SirDiesAlot's ghost (adept MiFi)
 49864 | Elf:3    | Found a transporter.
 49877 | Elf:3    | Noticed a deep elf blademaster
 50283 | Elf:3    | Found a transporter.
 50465 | Elf:3    | Noticed a deep elf blademaster
 50465 | Elf:3    | Noticed a deep elf blademaster
 50473 | Elf:3    | Identified the ring of Zudiosae {+Blink Fly rPois Str+3
                  | SInv}
 50477 | Elf:3    | Killed a deep elf blademaster
 50518 | Elf:3    | Slain by an Executioner

Illustrated notes

Levels and vault maps discovered:
D:1:      minmay_arrival_pointy, layout_basic, shapermc_ecumenical_altar_pompeii
D:2:      minmay_angry_zag, layout_rooms, basic_altar, item_on_display_a
D:3:      layout_basic, lemuel_crystal_altar, minmay_misc_feat_rows,
          minmay_stone_trees_large
D:4:      layout_basic, nicolae_qazlal_style_of_elements,
          minmay_temple_entry_antechambers
D:5:      layout_loops_ring, nicolae_overflow_hidden_temple,
          gup_sewer_entry_pipe, nrook_mini_vaults, minmay_statues_item
D:6:      layout_rooms, nicolae_tso_besieged_by_evil, minmay_microvault,
          uniq_duvessa, uniq_pikel, uniq_blork_the_orc, uniq_sigmund
D:7:      layout_basic, gammafunk_temple_overflow_wave, serial_shops,
          kennysheep_mini_moat, serial_bayou_pond_e
D:8:      layout_basic, lair_entry_dummy
D:9:      layout_roguey [special_room_orc], mainiacjoe_overflow_alcove_1,
          enter_bailey_4, nrook_uturn
D:10:     layout_stronghold, zombieorc2_lemuel, uniq_lodul
D:11:     layout_loops_cross, water_boxes_lemuel, uniq_maurice
D:12:     minmay_bubble_buster, layout_loops_ring
D:13:     layout_loops_ring, ebering_ghost_xom, uniq_erolcha, uniq_josephine
D:14:     layout_cave_pools, david_vaults_1, dk_noncrumbling_4
D:15:     hangedman_depths_entry_civil_slaughter, layout_cave_pools,
          hangedman_decor_diamond_cutter, nicolae_looking_at_the_future
Lair:1:   layout_cave_pods
Lair:2:   layout_regular_city, spider_nest_entry_webs, lemuel_centaur_altar
Lair:3:   layout_cave_pods, uniq_fannar
Lair:4:   layout_loops_ring, swamp_mist_pool
Lair:5:   layout_layer_cave, special_room [special_room_mythical_zoo],
          columned_hall_lemuel
Lair:6:   evil_forest, layout_cave_shapes, minmay_slime_entry_oklob_open
Swamp:1:  nicolae_swamp_decorative_isthmus, layout_falls_marsh,
          gammafunk_ghost_necromancy, nicolae_swamp_some_circles
Swamp:2:  layout_falls_marsh, hangedman_swamp_ruin_wall
Swamp:3:  layout_basic_swamp, evilmike_swamp_ruin_house_3,
          nicolae_swamp_little_tower, infiniplex_staircase_pool
Swamp:4:  grunt_swamp_rune_castle, layout_basic_swamp
Orc:1:    layout_caves, roderic_batcave
Orc:2:    st_orc_rangers, layout_caves, enter_volcano_2,
          nicolae_orc_flooded_monolith, guppyfry_library_mini, uniq_urug,
          uniq_saint_roka
Elf:1:    nicolae_elf_arrival_no_cutting_in_line, layout_geoelf_grid,
          serial_shops, nicolae_shop_advertising_works
          [nicolae_subvault_shop_adworks], orc_legates,
          nicolae_elf_hall_of_bonks
Elf:2:    nicolae_elf_blades_crystal_corner, layout_onion_city, serial_shops,
          nicolae_stop_n_shop_2
Elf:3:    elf_hall, layout_gridlike, gammafunk_ghost_abyssal_escape

Skill      XL: |  1  2  3  4  5  6  7  8  9 10 11 12 13 14 15 16 17 18 |
---------------+-------------------------------------------------------+-----
Fighting       | 3 4 5 6 7 8 10 12 15 16 17 19 | 19.8
Staves         | 4 5 6 8 10 | 10.0
Dodging        | 3 6 9 10 | 10.0
Throwing       | 3 7 10 12 | 12.0
Maces & Flails | 5 9 12 14 16 17 18 | 18.5
Shields        | 9 12 | 12.5
Invocations    | 4 7 9 |  9.5

Action                   |  1- 3 |  4- 6 |  7- 9 | 10-12 | 13-15 | 16-18 || total
-------------------------+-------+-------+-------+-------+-------+-------++-------
Melee: Quarterstaff      |    62 |   166 |   178 |   508 |   148 |       ||  1062
       Kick              |       |    11 |    38 |   173 |   255 |   174 ||   651
       Flail             |       |       |       |       |   628 |   612 ||  1240
       Punch             |       |       |       |       |     3 |       ||     3
       Giant spiked club |       |       |       |       |       |    24 ||    24
Throw: Large rock        |       |     1 |       |     7 |    20 |    20 ||    48
       Boomerang         |       |       |       |   110 |   775 |   572 ||  1457
       Throwing net      |       |       |       |       |     1 |     1 ||     2
       Dart              |       |       |       |       |     1 |       ||     1
Invok: Recall Ancestor   |     2 |       |       |     1 |     2 |       ||     5
       Ancestor Life: He |       |     1 |       |       |       |       ||     1
       Idealise          |       |       |       |       |     1 |     1 ||     2
       Transference      |       |       |       |       |       |     1 ||     1
Evoke: Wand              |       |       |       |    16 |     4 |    10 ||    30
  Use: Scroll            |     6 |    16 |     2 |    11 |    12 |    17 ||    64
       Potion            |       |     6 |     3 |     7 |     8 |    19 ||    43
 Stab: Sleeping          |       |     2 |       |       |       |       ||     2
       Distracted        |       |       |     2 |     8 |     7 |    11 ||    28
       Confused          |       |       |     1 |     9 |     4 |     5 ||    19
       Paralysed         |       |       |       |       |    34 |    18 ||    52
Armor: Robe              |     9 |    25 |       |       |       |       ||    34
       Animal skin       |       |    18 |    37 |   121 |   132 |   147 ||   455
       Skin              |       |       |    19 |       |       |       ||    19
Dodge: Dodged            |    26 |    66 |    51 |   236 |   316 |   218 ||   913
       Repelled          |       |       |       |       |       |    17 ||    17
Block: Kite shield       |       |       |       |       |   232 |   343 ||   575

Table legend: (Time is in decaauts)
 A = Elapsed time spent in this place.
 B = Non-inter-level travel time spent in this place.
 C = Inter-level travel time spent in this place.
 D = Time resting spent in this place.
 E = Time spent auto-exploring this place.
 F = Levels seen in this place.
 G = Mean time per level.
                   A        B        C        D        E       F      G
               +--------+--------+--------+--------+--------+-----+--------+
         Total |  50152 |  48027 |   2125 |   2247 |  38147 |  33 | 1519.8 |
       Dungeon |  18324 |  17271 |   1053 |      0 |  14723 |  15 | 1221.6 |
          Lair |  11406 |  10793 |    613 |      0 |   9455 |   6 | 1901.0 |
         Swamp |   8080 |   7769 |    311 |    915 |   5748 |   4 | 2020.0 |
  Orcish Mines |   3781 |   3683 |     98 |      0 |   3064 |   2 | 1890.5 |
   Elven Halls |   7023 |   6975 |     48 |   1332 |   4068 |   3 | 2341.0 |
         Abyss |    429 |    429 |      0 |      0 |    241 |   1 |  429.0 |
         Sewer |    396 |    396 |      0 |      0 |    265 |   1 |  396.0 |
        Bailey |    711 |    711 |      0 |      0 |    581 |   1 |  711.0 |
               +--------+--------+--------+--------+--------+-----+--------+

Top non-repeatable levels by time:
 Swamp:3: 2961 daAuts
   Elf:2: 2897 daAuts
   Elf:1: 2750 daAuts
  Lair:4: 2618 daAuts
  Lair:5: 2484 daAuts
   Orc:2: 2319 daAuts
 Swamp:1: 1894 daAuts
 Swamp:2: 1814 daAuts
  Lair:2: 1794 daAuts
    D:15: 1762 daAuts
    D:10: 1749 daAuts
     D:8: 1698 daAuts
  Lair:6: 1634 daAuts
  Lair:3: 1628 daAuts
   Orc:1: 1461 daAuts
